 Dungeon Crawl Stone Soup version 0.23-b1-84-g6588a6b (webtiles) character file.

Game seed: 18159711827342168560

676157 Yuikono the Hoplite (level 26, -3/373 HPs)
             Began as a Minotaur Fighter on Feb 6, 2019.
             Was an Elder of Jiyva.
             Killed from afar by Cerebov (34 damage)
             ... with an iron shot
             ... in Pandemonium on Feb 7, 2019.
             The game lasted 06:28:36 (78123 turns).

Yuikono the Hoplite (Minotaur Fighter)             Turns: 78123, Time: 06:28:38

Health: -3/373     AC: 42    Str: 50    XL:     26   Next: 82%
Magic:  35/35      EV: 12    Int: 11    God:    Jiyva [****..]
Gold:   4394       SH: 21    Dex: 13    Spells: 25/25 levels left

rFire    + + .     SeeInvis +   z - +9 eudemon blade (holy)
rCold    + + +     Gourm    .   c - +0 shield of Ru's Righteous Anger {*Corrode rElec Regen+ Str+5}
rNeg     + . .     Faith    .   w - +14 ice dragon scales of the Monk {rF- rC++ Str+4}
rPois    +         Spirit   .   (helmet restricted)
rElec    +         Reflect  .   Y - +1 cloak
rCorr    +         Harm     .   p - +1 pair of gloves {archery}
MR       +....     Rnd*Tele +   t - +0 pair of boots "Diraywal" {rPois SInv}
Stlth    ..........             F - amulet "Mixkaes" {rElec rC++ Regen+ Int+3 Dex+4}
HPRegen  1.52/turn              n - ring "Qeucy Tem" {rPois rF+}
MPRegen  0.24/turn              T - ring of the Hart {+Inv rElec rN+ Str-3 Int+6}

@: berserking, resistant, fire vulnerable, hasted, very quick
A: retaliatory headbutt, horns 2, thin skeletal structure 1, fire resistance 2,
sense surroundings 2, electricity resistance, teleportitis 1, eyeballs 1,
gelatinous body 1, jelly sensing items, jelly absorbing missiles, sturdy frame 1
}: 6/15 runes: barnacled, slimy, abyssal, demonic, glowing, gossamer
a: Request Jelly, Slimify, Renounce Religion, Evoke Invisibility


You were in Pandemonium.
You worshipped Jiyva.
Jiyva was greatly pleased with you.
You were completely stuffed.

You visited 10 branches of the dungeon, and saw 49 of its levels.
You visited Pandemonium 2 times, and saw 10 of its levels.
You visited the Abyss 6 times.
You also visited: Ice Cave and Volcano.

You collected 7935 gold pieces.
You spent 3541 gold pieces at shops.

Inventory:

Hand Weapons
 s - a +0 triple sword of freezing
 z - a +9 eudemon blade of holy wrath (weapon)
 R - the +8 hunting sling "Jonacyze" {venom, rF+ rC- rN+}
   (You found it on level 11 of the Dungeon)

   It poisons the ammo it fires.
   It protects you from fire.
   It makes you vulnerable to cold.
   It protects you from negative energy.
Missiles
 h - 542 sling bullets
 y - 30 javelins (quivered)
Armour
 b - a +1 large shield of protection
 c - the +0 shield of Ru's Righteous Anger (worn) {*Corrode rElec Regen+ Str+5}
   (You bought it in a shop on level 2 of the Orcish Mines)

   It affects your strength (+5).
   It insulates you from electricity.
   It increases your rate of regeneration.
   It may corrode you when you take damage.
 p - a +1 pair of gloves of archery (worn)
 t - the +0 pair of boots "Diraywal" (worn) {rPois SInv}
   (You bought it in a shop on level 3 of the Elven Halls)

   It protects you from poison.
   It lets you see invisible.
 w - the +14 ice dragon scales of the Monk (worn) {rF- rC++ Str+4}
   (You found it in an ice cave)

   It affects your strength (+4).
   It makes you vulnerable to fire.
   It greatly protects you from cold.
 Y - a +1 cloak (worn)
Jewellery
 k - the ring "Ynuvitwu" {rElec rPois MR+ Str+3 Int+3}
   (You took it off a spriggan on level 5 of the Depths)

   [ring of poison resistance]

   It affects your strength (+3).
   It affects your intelligence (+3).
   It insulates you from electricity.
   It protects you from poison.
   It affects your resistance to hostile enchantments.
 n - the ring "Qeucy Tem" (left hand) {rPois rF+}
   (You took it off a deep elf death mage on level 3 of the Elven Halls)

   [ring of poison resistance]

   It protects you from fire.
   It protects you from poison.
 u - an uncursed ring of positive energy
 D - a +5 amulet of reflection
 F - the amulet "Mixkaes" (around neck) {rElec rC++ Regen+ Int+3 Dex+4}
   (You found it on level 5 of the Dungeon)

   [amulet of regeneration]

   It affects your intelligence (+3).
   It affects your dexterity (+4).
   It greatly protects you from cold.
   It insulates you from electricity.
   It increases your rate of regeneration.
 T - the ring of the Hart (right hand) {+Inv rElec rN+ Str-3 Int+6}
   (You found it on level 5 of the Depths)

   [ring of intelligence]

   It affects your strength (-3).
   It affects your intelligence (+6).
   It insulates you from electricity.
   It protects you from negative energy.
   It lets you turn invisible.
Wands
 K - a wand of scattershot (13)
 P - a wand of iceblast (46)
 Q - a wand of digging (1)
Scrolls
 a - 5 scrolls of identify
 l - 6 scrolls of torment
 r - 18 scrolls of teleportation
 v - 24 scrolls of remove curse
 A - 7 scrolls of magic mapping
 C - 9 scrolls of enchant armour
 G - 10 scrolls of blinking
 J - a scroll of summoning
 N - 3 scrolls of silence
 V - 14 scrolls of fog
 W - 6 scrolls of enchant weapon
 Z - 13 scrolls of fear
Potions
 d - 6 potions of might
 g - 9 potions of cancellation
 i - 4 potions of berserk rage
 j - 9 potions of agility
 m - 20 potions of curing
 q - 9 potions of brilliance
 x - 6 potions of flight
 E - 3 potions of haste
 H - 5 potions of ambrosia
 L - a potion of resistance
 U - 8 potions of lignification
Miscellaneous
 e - 3 sacks of spiders
 o - a fan of gales
 B - a lightning rod (4/4)
 O - 3 boxes of beasts
 S - a lamp of fire
 X - a phial of floods
Comestibles
 f - 73 rations


   Skills:
 - Level 22.8 Fighting
 + Level 22.6 Long Blades
 - Level 13.5 Slings
 + Level 24.6 Armour
 - Level 25.2 Shields
   Level 18.5 Invocations
 - Level 10.9 Evocations


You had 25 spell levels left.
You didn't know any spells.
Your spell library contained the following spells:

 Spells                   Type           Power        Failure   Level  Hunger
 Animate Skeleton         Necr           N/A          38%         1    ##.....
 Apportation              Tloc           #.....       38%         1    ##.....
 Beastly Appendage        Tmut           #.....       38%         1    ##.....
 Corona                   Hex            #......      38%         1    ##.....
 Flame Tongue             Conj/Fire      #....        38%         1    ##.....
 Freeze                   Ice            #...         38%         1    ##.....
 Infusion                 Chrm           #...         38%         1    ##.....
 Magic Dart               Conj           #...         38%         1    ##.....
 Pain                     Necr           #...         38%         1    ##.....
 Shock                    Conj/Air       #...         38%         1    ##.....
 Sting                    Conj/Pois      #...         38%         1    ##.....
 Summon Butterflies       Summ           #.......     38%         1    ##.....
 Blink                    Tloc           N/A          54%         2    ###....
 Call Imp                 Summ           #.......     54%         2    ###....
 Ensorcelled Hibernation  Hex/Ice        #.....       54%         2    ###....
 Passwall                 Tmut/Erth      #.......     54%         2    ###....
 Poisonous Vapours        Pois/Air       #.....       54%         2    ###....
 Searing Ray              Conj           #.....       54%         2    ###....
 Shroud of Golubria       Chrm/Tloc      #.........   54%         2    ###....
 Slow                     Hex            #.......     54%         2    ###....
 Song of Slaying          Chrm           #.......     54%         2    ###....
 Sticks to Snakes         Tmut           #.......     54%         2    ###....
 Swiftness                Chrm/Air       #.......     54%         2    ###....
 Throw Flame              Conj/Fire      #.....       54%         2    ###....
 Confuse                  Hex            #.......     77%         3    ####...
 Conjure Flame            Conj/Fire      #.......     77%         3    ####...
 Dazzling Spray           Conj/Hex       #.....       77%         3    ####...
 Gell's Gravitas          Tloc           #.........   77%         3    ####...
 Inner Flame              Hex/Fire       #.......     77%         3    ####...
 Lesser Beckoning         Tloc           #.........   77%         3    ####...
 Mephitic Cloud           Conj/Pois/Air  #.......     77%         3    ####...
 Ozocubu's Armour         Chrm/Ice       #.......     77%         3    ####...
 Portal Projectile        Hex/Tloc       #.....       77%         3    ####...
 Recall                   Summ/Tloc      N/A          77%         3    ####...
 Regeneration             Chrm/Necr      #.........   77%         3    ####...
 Spectral Weapon          Hex/Chrm       #.......     77%         3    ####...
 Spider Form              Tmut/Pois      #.........   77%         3    ####...
 Static Discharge         Conj/Air       #.......     77%         3    ####...
 Stone Arrow              Conj/Erth      #.....       77%         3    ####...
 Teleport Other           Tloc           #.......     77%         3    ####...
 Tukima's Dance           Hex            #.......     77%         3    ####...
 Vampiric Draining        Necr           #.........   77%         3    ####...
 Airstrike                Air            #.........   99%         4    #####..
 Animate Dead             Necr           N/A          99%         4    #####..
 Cause Fear               Hex            #.........   99%         4    #####..
 Force Lance              Conj/Tloc      #.......     99%         4    #####..
 Fulminant Prism          Conj/Hex       #.........   99%         4    #####..
 Ice Form                 Ice/Tmut       #.......     99%         4    #####..
 Iskenderun's Mystic Bla  Conj           #.......     99%         4    #####..
 Leda's Liquefaction      Hex/Erth       #.........   99%         4    #####..
 Olgreb's Toxic Radiance  Pois           #.......     99%         4    #####..
 Passage of Golubria      Tloc           N/A          99%         4    #####..
 Sticky Flame             Conj/Fire      #.......     99%         4    #####..
 Throw Icicle             Conj/Ice       #.......     99%         4    #####..
 Alistair's Intoxication  Tmut/Pois      #.......     100%        5    ######.
 Blade Hands              Tmut           #.........   100%        5    ######.
 Bolt of Magma            Conj/Fire/Erth #.........   100%        5    ######.
 Fireball                 Conj/Fire      #.........   100%        5    ######.
 Irradiate                Conj/Tmut      #.........   100%        5    ######.
 Iskenderun's Battlesphe  Conj/Chrm      #.......     100%        5    ######.
 Lee's Rapid Deconstruct  Erth           #.........   100%        5    ######.
 Lightning Bolt           Conj/Air       #.........   100%        5    ######.
 Metabolic Englaciation   Hex/Ice        #.........   100%        5    ######.
 Venom Bolt               Conj/Pois      #.........   100%        5    ######.
 Bolt of Cold             Conj/Ice       #.........   100%        6    #######
 Bolt of Fire             Conj/Fire      #.........   100%        6    #######
 Darkness                 Hex            #.........   100%        6    #######
 Deflect Missiles         Chrm/Air       #.........   100%        6    #######
 Dispersal                Tloc           #.........   100%        6    #######
 Freezing Cloud           Conj/Ice/Air   #.........   100%        6    #######
 Invisibility             Hex            #.......     100%        6    #######
 Iron Shot                Conj/Erth      #.........   100%        6    #######
 Ozocubu's Refrigeration  Ice            #.........   100%        6    #######
 Simulacrum               Ice/Necr       #.........   100%        6    #######
 Statue Form              Tmut/Erth      #........    100%        6    #######
 Malign Gateway           Summ/Tloc      #.........   100%        7    #######
 Orb of Destruction       Conj           #.........   100%        7    #######
 Ring of Flames           Chrm/Fire      #.........   100%        7    #######
 Spellforged Servitor     Conj/Summ      #.........   100%        7    #######
 Disjunction              Tloc           #.........   100%        8    #######


Dungeon Overview and Level Annotations

Branches:
Dungeon (15/15)            Temple (1/1) D:4            Lair (6/6) D:10
 Shoals (4/4) Lair:3       Spider (4/4) Lair:2        Slime (5/5) Lair:5
    Orc (2/2) D:10            Elf (3/3) Orc:2        Vaults (4/5) D:13
  Crypt (0/3) Vaults:2     Depths (5/5) D:15            Zot (0/5) Depths:5

Altars:
Ashenzari
Cheibriados
Dithmenos
Elyvilon
Fedhas
Gozag
Hepliaklqana
Kikubaaqudgha
Makhleb
Nemelex Xobeh
Okawaru
Qazlal
Ru
Sif Muna
Trog
Uskayaw
Vehumet
Wu Jian
Xom
Yredelemnul
Zin
The Shining One
Beogh
Jiyva
Lugonu

Shops:
Orc:2 [%[[   Elf:1 *   Elf:2 *   Elf:3 ?![:   Shoals:2 !   Vaults:1 :
Vaults:2 }%?:*

Portals:
Hell: Depths:1 Depths:2 Depths:3 Depths:4 Depths:5
Abyss: Depths:2 Depths:4
Pandemonium: Depths:2 Depths:3
Ziggurat: Depths:3

Annotations:
Slime:5 Royal Jelly
Pan Cerebov


Innate Abilities, Weirdness & Mutations

You reflexively headbutt those who attack you in melee.
You have a pair of horns on your head.
You have a somewhat thin skeletal structure. (Dex +2, Stealth)
Your flesh is very heat resistant. (rF++)
You passively map the area around you.
You are resistant to electric shocks. (rElec)
You are occasionally teleported next to monsters.
Your body has grown golden eyes which may confuse attackers. (Acc +3)
Your rubbery body absorbs attacks. (AC +1, EV +1)
You have a small jelly attached to you that senses nearby items.
You have a small jelly attached to you that may absorb incoming projectiles.
Your movements are slightly less encumbered by armour. (ER -2)


Message History

A raging storm of fire appears!
The great blast of fire engulfs you!!! You partially resist.
* * * LOW HITPOINT WARNING * * *
The great blast of fire engulfs Cerebov!!
Cerebov partially resists. 3 fire vortices come into view.
Unknown command.
Unknown command.
Unknown command.
Unknown command.
You closely miss Cerebov.
Cerebov shouts, "Back with thee lest death find thee!"
Cerebov is almost dead.
You are engulfed in blazing flames.
You resist. The fire vortex hits you. The fire vortex burns you! You resist.
* * * LOW HITPOINT WARNING * * *
The fire vortex dissipates!
Cerebov gestures at you. The iron shot hits you!!
You die...

#....## ..#.≈≈§≈≈.#..###....#
#.....# ...§§§≈§§§...##.}...#
#..)..###....≈≈§§§§.###.....#
#......##...........##......#
#..)...##...........##......#
#.....##*'#)......#' ##..3..#
#..)..#∆∆∆###○v○###∆∆∆#.....#
#.....#∆∆∆ #☼&☼# ∆∆∆#.....#
#.....#∆∆∆###v@☼###∆∆∆#.....#
#.....#####.☼○v°○.#####.....#
#...........v☼○☼○...........#
#............vv.............#
#...........................#
, .......................#
.........)............# ** *
*###......#############
#......# ###########


You could see Cerebov and 6 fire vortices.

Vanquished Creatures
  Mnoleg (Pan)
  A juggernaut (Depths:2)
  Mennas (Pan)
  Sojobo (Depths:2)
  7 pandemonium lords (Pan)
  The ghost of EtherCrawl the Shatterer, a veteran MiFi of the Shining One (Depths:4)
  Margery (Vaults:4)
  Boris (twice) (Depths:4 Depths:5)
  2 caustic shrikes
  2 bone dragons
  Jory (Vaults:4)
  Nikola (Elf:1)
  2 profane servitors (Abyss:4)
  6 liches
  A Tzitzimitl (Pan)
  2 Brimstone Fiends (Pan)
  3 Hell Sentinels (Pan)
  2 hellephants
  2 Ice Fiends (Pan)
  Rupert (Lair:6)
  8 tentacled monstrosities
  A titan (Depths:5)
  A deep elf blademaster (Elf:3)
  A quicksilver dragon (Depths:5)
  15 tentacled starspawn
  3 acid blobs
  Polyphemus (Shoals:2)
  17 Executioners
  2 shadow dragons
  Agnes (D:14)
  A storm dragon (Depths:5)
  Donald (Orc:2)
  5 tengu reavers
  6 warmongers (Pan)
  A daeva (Abyss:2)
  13 black suns (Pan)
  24 balrugs
  6 ghost moths
  6 fire giants
  An iron dragon (Depths:4)
  2 draconian knights (Depths:5)
  7 vault wardens
  7 deep elf sorcerers
  19 cacodemons
  12 frost giants
  7 emperor scorpions
  2 ghouls
  7 ironheart preservers
  9 deep elf elementalists
  3 reapers
  4 spriggan defenders (Depths:5)
  A draconian annihilator (Depths:5)
  16 very ugly things
  16 stone giants
  A juggernaut skeleton (Depths:4)
  2 blood saints (Pan)
  A green draconian (Abyss:4)
  3 entropy weavers
  6 deep elf demonologists (Elf:3)
  3 vampire knights
  10 corrupters (Pan)
  An ophan (Abyss:2)
  3 deep elf annihilators (Elf:3)
  8 spark wasps
  15 lorocyprocas
  13 ettins
  6 dire elephants
  An eidolon (Abyss:5)
  19 blizzard demons
  11 merfolk impalers
  A merfolk javelineer (Shoals:4)
  8 green deaths
  9 deep elf death magi
  8 fire dragons
  9 ogre magi
  2 crystal guardians
  13 rakshasas
  The ghost of Kairos the Cleaver, a journeyman VSFi of Okawaru (Lair:2)
  5 deep elf high priests
  6 vault guards
  2 naga warriors (Abyss:5)
  11 great orbs of eyes
  10 yaktaur captains
  3 spriggan air magi
  2 shambling mangroves (Abyss:3)
  A quicksilver dragon skeleton (Abyss:4)
  15 hell beasts
  2 catoblepae
  10 ice dragons
  3 merfolk avatars
  4 monstrous demonspawn (Pan)
  An anaconda (Lair:6)
  6 hydras
  A merfolk aquamancer (Shoals:3)
  3 death knights
  10 centaur warriors
  Erica (Lair:1)
  46 two-headed ogres
  6 death yaks
  A tengu warrior (Depths:5)
  20 thrashing horrors
  16 deep troll shamans
  A queen ant (Lair:2)
  3 satyrs
  5 hell hogs (Abyss:4)
  6 holy swine (Pan)
  30 dancing weapons
  17 deep troll earth magi
  8 orc high priests
  4 spriggan berserkers
  47 soul eaters (Pan)
  18 deep elf knights
  59 sun demons
  2 shadow wraiths
  Sonja (Lair:1)
  5 iron trolls
  31 hell knights
  75 large abominations
  A spark wasp zombie (Depths:1)
  18 wretched stars
  14 sixfirhies (Pan)
  A skeletal warrior (Depths:5)
  2 fire crabs (Shoals:4)
  3 unseen horrors
  A death drake (Abyss:4)
  2 spatial maelstroms
  22 deep trolls
  16 sea snakes
  8 gelid demonspawn (Pan)
  2 cherubim (Pan)
  4 torturous demonspawn
  7 glowing orange brains
  3 flayed ghosts
  3 infernal demonspawn (Pan)
  2 deep trolls (shapeshifter)
  7 shadow demons (Pan)
  3 phantasmal warriors
  A golden dragon skeleton (Abyss:4)
  6 wizards
  20 orc knights
  7 ironbrand convokers
  10 deep elf archers
  20 harpies
  A sphinx zombie (Depths:4)
  14 necromancers
  30 wolf spiders
  53 deep elf magi
  A shining eye (shapeshifter) (Elf:3)
  4 oklob plants (Lair:5)
  An orb spider (shapeshifter) (Depths:4)
  2 fauns
  11 orb spiders
  2 mana vipers
  34 ugly things
  4 shining eyes
  3 orc sorcerers (Orc:2)
  72 slime creatures
  A manticore (shapeshifter) (D:15)
  A fire giant skeleton (Depths:4)
  16 merfolk sirens
  7 worldbinders
  11 cyclopes
  15 manticores
  7 elephants
  Maurice (D:8)
  A black mamba (Lair:6)
  Joseph (D:8)
  A molten gargoyle (Volcano)
  4 rust devils (Pan)
  A dire elephant zombie (Abyss:4)
  2 black mambas (shapeshifter)
  2 ice statues (IceCv)
  2 moths of wrath
  5 torpor snails
  9 water nymphs
  3 apocalypse crabs
  49 smoke demons
  2 guardian serpents
  15 vault sentinels
  An eye of devastation (Abyss:2)
  An elf zombie (Depths:2)
  2 gargoyles
  2 rime drakes
  11 spiny frogs
  21 orange demons
  An emperor scorpion zombie (Abyss:4)
  2 komodo dragons
  A kobold demonologist (D:11)
  24 yaktaurs
  18 hellions (Pan)
  A tengu conjurer (D:10)
  An elf skeleton (Depths:4)
  12 tormentors
  11 efreet
  A rime drake (shapeshifter) (Depths:1)
  29 demonic crawlers
  14 freezing wraiths
  18 red devils (Pan)
  16 ice devils
  A queen bee (D:10)
  A golden dragon simulacrum (Abyss:4)
  A jumping spider (shapeshifter) (Depths:4)
  A spriggan skeleton (Depths:2)
  19 ancient zymes
  27 hornets
  A troll (shapeshifter) (Depths:3)
  9 hellwings
  29 jumping spiders
  7 trolls
  5 wind drakes
  A polar bear (shapeshifter) (Depths:1)
  28 merfolk
  15 hippogriffs
  36 raiju
  9 snapping turtles
  25 dream sheep
  A sphinx simulacrum (Vaults:2)
  32 blink frogs
  An alligator zombie (Abyss:4)
  A snapping turtle (shapeshifter) (Elf:1)
  A hippogriff (shapeshifter) (D:15)
  A raiju (shapeshifter) (Depths:2)
  A stone giant simulacrum (Abyss:4)
  A deep troll zombie (Depths:1)
  3 human simulacra (Vaults:3)
  An ettin zombie (Depths:1)
  41 starcursed masses
  15 water elementals
  2 fire giant simulacra
  2 flying skulls (Abyss:4)
  A dire elephant simulacrum (Abyss:5)
  Sigmund (D:2)
  2 air elementals (Elf:1)
  2 shadows (Abyss:4)
  71 redbacks
  A redback (shapeshifter) (Depths:5)
  2 spriggans
  2 ettin skeletons
  14 tarantellas
  A fire dragon skeleton (Abyss:4)
  A tarantella (shapeshifter) (Vaults:2)
  33 ynoxinuls
  6 fire bats
  A vampire (D:14)
  27 yaks
  A yak (shapeshifter) (Vaults:3)
  2 hungry ghosts
  4 basilisks
  5 wyverns
  12 wraiths
  3 basilisks (shapeshifter)
  4 golden eyes (Abyss:4)
  A steam dragon (D:13)
  A steam dragon (shapeshifter) (Vaults:4)
  5 fire elementals
  2 golden eyes (shapeshifter)
  43 chaos spawn
  27 neqoxecs
  A swamp worm (shapeshifter) (Depths:3)
  Edmund (D:6)
  9 water moccasins
  14 soldier ants
  2 wargs
  3 acid dragons
  2 two-headed ogre zombies (D:10)
  33 orc warriors
  4 sky beasts
  2 floating eyes (Depths:5)
  2 porcupines
  5 ice beasts
  2 hornet zombies
  4 eyes of draining
  A black bear (D:8)
  A necrophage (D:5)
  10 boggarts
  3 phantoms
  10 centaurs
  21 ogres
  4 big kobolds
  11 crocodiles
  A big kobold (shapeshifter) (Depths:1)
  3 wolves (Lair:2)
  19 bullfrogs
  8 earth elementals
  26 small abominations
  A wyvern zombie (D:8)
  4 scorpions
  39 killer bees
  A troll zombie (D:10)
  8 wights
  2 howler monkeys
  4 electric eels
  2 bullfrog zombies
  5 centaur zombies
  15 crimson imps
  8 quasits
  6 hounds
  28 orc priests
  5 centaur skeletons
  2 jellies
  A bullfrog skeleton (D:11)
  21 orc wizards
  5 iron imps
  Jessica (D:2)
  4 iguanas
  3 hell rats (D:7)
  Terence (D:3)
  A troll simulacrum (Abyss:4)
  31 worker ants
  A killer bee zombie (D:8)
  4 ogre zombies (D:10)
  A bullfrog simulacrum (D:13)
  5 hexers
  A hound zombie (D:9)
  2 hound skeletons
  2 worker ant zombies (D:8)
  5 gnolls
  7 adders
  6 river rats (D:7)
  4 shadow imps
  14 white imps
  13 ufetubi
  5 oozes (Lair:5)
  2 adder zombies
  2 adder skeletons
  2 worms
  4 dart slugs
  8 leopard geckos
  84 orcs
  6 bats
  9 giant cockroaches
  2 gnoll zombies (D:6)
  6 goblins
  3 hobgoblins
  7 jackals
  17 kobolds
  9 quokkas
  5 frilled lizards
  2 goblin skeletons (D:10)
  2 goblin zombies (D:10)
  A hobgoblin skeleton (D:10)
  3 hobgoblin zombies (D:10)
  A jackal zombie (D:8)
  2 orc skeletons (D:10)
  8 orc zombies (D:10)
  2 quokka zombies
  24 rats
  A bush (Shoals:2)
  2 crawling corpses (Depths:4)
  A fire vortex (Pan)
  A lurking horror (Abyss:2)
  12 plants
  15 starspawn tentacles
2981 creatures vanquished.

Vanquished Creatures (collateral kills)
  A deep elf blademaster (Elf:3)
  A kraken (Shoals:3)
  3 tentacled starspawn (Abyss:4)
  2 fire giants (Depths:5)
  An ironheart preserver (Vaults:2)
  4 very ugly things
  A stone giant (Depths:2)
  A spriggan defender (Depths:5)
  A deep elf demonologist (Elf:3)
  A spark wasp (Depths:1)
  A fire dragon (Depths:4)
  Josephine (D:14)
  A yaktaur captain (Depths:3)
  2 great orbs of eyes
  A rakshasa (Depths:3)
  A hydra (Lair:6)
  An ice dragon (shapeshifter) (Elf:1)
  A dancing weapon (Elf:2)
  A merfolk avatar (Abyss:4)
  4 two-headed ogres
  2 ogre magi
  A satyr (Shoals:3)
  A deep troll shaman (Depths:5)
  A thrashing horror (Abyss:4)
  A deep elf knight (Elf:2)
  2 hell knights (Depths:1)
  A wretched star (Abyss:4)
  A sixfirhy (Abyss:4)
  An iron troll (Depths:3)
  2 sea snakes
  3 deep trolls
  3 deep elf archers
  A phantasmal warrior (Vaults:3)
  A harpy (Shoals:3)
  2 ironbrand convokers
  2 orb spiders
  4 wolf spiders
  A manticore (shapeshifter) (Abyss:4)
  8 ugly things
  A manticore (Shoals:4)
  7 deep elf magi
  A cyclops (Shoals:1)
  A faun (Shoals:2)
  A vault sentinel (Vaults:4)
  A rust devil (Abyss:4)
  4 large abominations
  A smoke demon (Abyss:4)
  A spiny frog (Lair:5)
  An orange demon (Abyss:2)
  A freezing wraith (Vaults:1)
  2 demonic crawlers
  9 yaktaurs
  An ancient zyme (Abyss:4)
  An ice devil (Depths:1)
  2 merfolk
  A red devil (Abyss:2)
  A tengu conjurer (D:8)
  A troll (D:11)
  A wind drake (Shoals:3)
  2 hornets
  Grinder (D:6)
  5 dream sheep
  15 slime creatures
  3 blink frogs (Lair:6)
  7 raiju
  2 spriggans (Depths:5)
  4 redbacks
  2 water elementals
  3 yaks
  3 tarantellas
  A golden eye (shapeshifter) (D:15)
  A ynoxinul (Pan)
  An acid dragon (shapeshifter) (D:13)
  2 soldier ants (Lair:2)
  An acid dragon (D:13)
  2 water moccasins
  A swamp worm (shapeshifter) (Depths:4)
  A hornet zombie (D:13)
  A porcupine (Lair:3)
  3 small abominations
  7 orc warriors
  A wolf (Lair:2)
  An ogre (Vaults:1)
  3 centaurs
  2 bullfrogs
  A scorpion (D:8)
  2 killer bees
  4 wights
  A crimson imp (Depths:1)
  8 orc wizards
  3 orc priests
  2 centaur skeletons
  2 gnoll shamans
  5 worker ants
  An ogre zombie (D:10)
  A river rat (D:7)
  2 adders
  4 gnolls
  3 white imps
  14 orcs
  A giant cockroach (D:5)
  3 jackals
  A quokka (D:7)
  A frilled lizard (D:5)
  A goblin zombie (D:10)
  A hobgoblin skeleton (D:10)
  A kobold (D:10)
  5 orc zombies (D:10)
  2 rats (D:7)
  A butterfly (Lair:3)
  A fire vortex (Pan)
  A plant (Depths:3)
  3 starspawn tentacles (Abyss:4)
257 creatures vanquished.

Vanquished Creatures (others)
  A lich (Depths:4)
  2 deep elf master archers (Elf:3)
  An eldritch tentacle (Pan)
  A reaper (IceCv)
  A merfolk javelineer (Shoals:4)
  3 yaktaur captains
  A great orb of eyes (Abyss:3)
  2 centaur warriors (Depths:4)
  A satyr (Shoals:2)
  A deep elf knight (Vaults:3)
  2 glowing orange brains (Abyss:3)
  3 shining eyes
  A deep elf mage (Elf:1)
  2 eyes of devastation (Pan)
  A smoke demon (Abyss:4)
  An orange demon (Pan)
  2 hellions (Pan)
  4 yaktaurs
  A tormentor (Pan)
  A red devil (Pan)
  A hornet (Abyss:4)
  A raiju (Abyss:4)
  A ynoxinul (Pan)
  A redback (Spider:4)
  8 golden eyes
  5 chaos spawn (Abyss:4)
  2 neqoxecs (Pan)
  3 floating eyes (Pan)
  11 eyes of draining
  A wolf (Abyss:4)
  A centaur (Lair:3)
  A small abomination (Abyss:4)
  125 jellies (Pan)
  51 hexers
  3 white imps
  4 ufetubi (IceCv)
  A briar patch (Pan)
  2 fire vortices (Pan)
  20 fungi
  3 lurking horrors (Abyss:4)
  12 plants
  53 starspawn tentacles
  4 tentacles (Shoals:3)
  3 toadstools (Depths:4)
349 creatures vanquished.

Grand Total: 3587 creatures vanquished

Notes
Turn   | Place    | Note
-------+----------+-------------------------------------------
     0 | D:1      | Yuikono the Minotaur Fighter began the quest for the Orb.
     0 | D:1      | Reached XP level 1. HP: 19/19 MP: 0/0
   127 | D:1      | Reached XP level 2. HP: 26/27 MP: 1/1
   216 | D:1      | Reached skill level 4 in Shields
   478 | D:1      | Reached XP level 3. HP: 33/33 MP: 2/2
   854 | D:2      | Noticed Jessica
   860 | D:2      | Killed Jessica
   947 | D:2      | Reached XP level 4. HP: 40/40 MP: 3/3
  1127 | D:2      | Noticed Sigmund
  1182 | D:2      | Killed Sigmund
  1182 | D:2      | Reached skill level 5 in Fighting
  1182 | D:2      | Reached skill level 5 in Armour
  1182 | D:2      | Reached skill level 5 in Shields
  1182 | D:2      | Reached XP level 5. HP: 38/48 MP: 4/4
  1428 | D:3      | Noticed Terence
  1438 | D:3      | Killed Terence
  1438 | D:3      | Reached XP level 6. HP: 55/56 MP: 5/5
  1469 | D:3      | You fall through a shaft for 3 floors!
  1715 | D:5      | Entered Level 5 of the Dungeon
  1723 | D:5      | Noticed a sky beast
  1736 | D:5      | Killed a sky beast
  1736 | D:5      | Reached skill level 5 in Long Blades
  1736 | D:5      | Reached XP level 7. HP: 53/62 MP: 6/6
  2216 | D:4      | Reached skill level 6 in Shields
  2510 | D:4      | Found a staircase to the Ecumenical Temple.
  2546 | Temple   | Entered the Ecumenical Temple
  2740 | Temple   | Became a worshipper of Hepliaklqana the Forgotten
  2825 | D:5      | Got a sparkling crystal amulet
  2826 | D:5      | Identified the amulet "Mixkaes" {rElec rC++ Regen+ Int+3
                  | Dex+4} (You found it on level 5 of the Dungeon)
  3137 | D:5      | Reached * piety under Hepliaklqana
  3264 | D:5      | Reached XP level 8. HP: 56/63 MP: 7/7
  3416 | D:5      | Reached skill level 7 in Shields
  3549 | D:6      | Noticed Edmund
  3569 | D:6      | Killed Edmund
  3845 | D:6      | Noticed Grinder
  3867 | D:6      | Killed Grinder
  4248 | D:6      | Found a basalt altar of Yredelemnul.
  4469 | D:7      | Reached XP level 9. HP: 68/72 MP: 8/8
  4513 | D:7      | Reached skill level 8 in Shields
  4554 | D:7      | Reached ** piety under Hepliaklqana
  4555 | D:7      | Remembered your ancestor Lwandle as a hexer
  6134 | D:8      | Reached *** piety under Hepliaklqana
  6342 | D:8      | Noticed Maurice
  6352 | D:8      | Killed Maurice
  6352 | D:8      | Reached skill level 9 in Shields
  6449 | D:8      | Noticed Joseph
  6472 | D:8      | Killed Joseph
  6472 | D:8      | Reached XP level 10. HP: 69/81 MP: 1/9
  6515 | D:8      | Noticed a two-headed ogre
  6522 | D:8      | Killed a two-headed ogre
  6667 | D:8      | Found an ancient bone altar of Kikubaaqudgha.
  6715 | D:8      | Identified the Reference Book on Freezing Orientation
  6725 | D:8      | Reached skill level 10 in Fighting
  6725 | D:8      | Reached skill level 10 in Armour
  6725 | D:8      | Reached skill level 10 in Shields
  6911 | D:8      | Reached skill level 10 in Long Blades
  7477 | D:9      | Reached skill level 1 in Invocations
  7786 | D:9      | Reached XP level 11. HP: 77/90 MP: 11/11
  7948 | D:9      | Noticed a two-headed ogre
  7957 | D:9      | Killed a two-headed ogre
  7968 | D:9      | Reached skill level 11 in Shields
  8131 | D:9      | Reached **** piety under Hepliaklqana
  8654 | D:10     | Entered Level 10 of the Dungeon
  8683 | D:10     | Found a staircase to the Orcish Mines.
  9209 | D:10     | Noticed an orc knight
  9221 | D:10     | Killed an orc knight
  9551 | D:10     | Found a staircase to the Lair.
 10269 | D:11     | Noticed a two-headed ogre
 10275 | D:11     | Killed a two-headed ogre
 10275 | D:11     | Reached skill level 5 in Invocations
 10300 | D:11     | Reached skill level 12 in Shields
 10509 | D:11     | Identified the cursed +0 pair of gloves of the Ward {+Blink
                  | Str+3 Int-3} (You found it on level 11 of the Dungeon)
 10531 | D:11     | Noticed a two-headed ogre
 10761 | D:11     | Reached ***** piety under Hepliaklqana
 10908 | D:11     | Noticed a purple ugly thing
 10909 | D:11     | Reached XP level 12. HP: 100/100 MP: 15/15
 11239 | D:11     | Identified the +8 hunting sling "Jonacyze" {venom, rF+ rC-
                  | rN+} (You found it on level 11 of the Dungeon)
 11898 | D:12     | Found a hazy altar of Hepliaklqana.
 12393 | D:12     | Noticed a six-headed hydra
 12501 | D:12     | Killed a seven-headed hydra
 12808 | D:13     | Noticed a two-headed ogre
 12827 | D:13     | Killed a two-headed ogre
 12886 | D:13     | Noticed a centaur warrior
 12895 | D:13     | Killed a centaur warrior
 12895 | D:13     | Reached skill level 13 in Shields
 12903 | D:13     | Found a frozen archway.
 12916 | IceCv    | Entered an ice cave
 13386 | IceCv    | Noticed a reaper
 13394 | IceCv    | Killed a reaper
 13469 | IceCv    | Got steaming ice dragon scales
 13482 | IceCv    | Identified the +3 demon whip "Fooq" {pain, *Drain rF+ MR++
                  | Str+2} (You found it in an ice cave)
 13610 | D:13     | Noticed a centaur warrior
 13618 | D:13     | Killed a centaur warrior
 13618 | D:13     | Reached XP level 13. HP: 89/109 MP: 17/17
 13731 | D:13     | Identified the +14 ice dragon scales of the Monk {rF- rC++
                  | Str+4} (You found it in an ice cave)
 13740 | D:13     | Cast into level 2 of the Abyss (a wizard)
 13765 | Abyss:2  | Gained mutation: Scrolls take you a little longer to read.
                  | [a neqoxec]
 13936 | Abyss:2  | Noticed a starcursed mass
 13938 | Abyss:2  | Noticed a starcursed mass
 13943 | Abyss:2  | Noticed a tentacled starspawn
 13956 | Abyss:2  | Killed a starcursed mass
 14003 | Abyss:2  | Noticed a daeva
 14029 | Abyss:2  | Killed a daeva
 14073 | Abyss:2  | Reached skill level 14 in Shields
 14277 | D:13     | Escaped the Abyss
 14796 | D:13     | Found a gate to the Vaults.
 15075 | D:14     | Identified the +4 chain mail of the Beginning {rElec rCorr
                  | Str-2 Int+3} (You found it on level 14 of the Dungeon)
 15165 | D:14     | Noticed Josephine
 15173 | D:14     | Killed Josephine
 15418 | D:14     | Noticed Agnes
 15432 | D:14     | Killed Agnes
 15432 | D:14     | Reached XP level 14. HP: 83/119 MP: 20/20
 15604 | D:14     | Lost mutation: Scrolls take you a little longer to read.
                  | [potion of mutation]
 15604 | D:14     | Gained mutation: You are partially covered in iridescent
                  | scales. (AC +2) [potion of mutation]
 15604 | D:14     | Gained mutation: You have a pair of large horns on your
                  | head. [potion of mutation]
 15604 | D:14     | Gained mutation: You possess an exceptional clarity of
                  | mind. [potion of mutation]
 15604 | D:14     | Gained mutation: You are somewhat resistant to further
                  | mutation. [potion of mutation]
 15761 | D:15     | Entered Level 15 of the Dungeon
 16501 | D:15     | Found a sacrificial altar of Ru.
 16529 | D:15     | Reached skill level 10 in Invocations
 16551 | D:15     | Reached skill level 15 in Fighting
 16557 | D:15     | Reached skill level 15 in Shields
 16870 | D:15     | Found a staircase to the Depths.
 17101 | Lair:1   | Entered Level 1 of the Lair of Beasts
 17190 | Lair:1   | Noticed Sonja
 17195 | Lair:1   | Killed Sonja
 17195 | Lair:1   | Reached skill level 15 in Long Blades
 17429 | Lair:1   | Noticed Erica
 17439 | Lair:1   | Killed Erica
 17810 | Lair:2   | Found a large runed translucent door.
 17810 | Lair:2   | Found a hole to the Spider Nest.
 17810 | Lair:2   | Found a large runed translucent door.
 17816 | Lair:2   | Noticed Kairos's ghost (journeyman VSFi)
 17836 | Lair:2   | Found a dark tunnel.
 17845 | Volcano  | Entered a volcano
 19124 | Lair:2   | Killed Kairos's ghost
 19358 | Lair:3   | Reached ****** piety under Hepliaklqana
 19527 | Lair:3   | You fall through a shaft for 2 floors!
 19703 | Lair:3   | Reached XP level 15. HP: 128/128 MP: 22/22
 19769 | Lair:3   | Found a staircase to the Shoals.
 20856 | Lair:5   | Found a runed translucent door.
 20856 | Lair:5   | Found a viscous altar of Jiyva.
 20856 | Lair:5   | Found a staircase to the Slime Pits.
 21402 | Lair:5   | Reached skill level 16 in Shields
 21709 | Lair:6   | Entered Level 6 of the Lair of Beasts
 21739 | Lair:6   | Identified a scroll of acquirement
 22231 | Lair:6   | Noticed Rupert
 22252 | Lair:6   | Killed Rupert
 23555 | Spider:1 | Entered Level 1 of the Spider Nest
 23815 | Spider:1 | Identified the +5 mace "Sur Won" {drain, rElec Int+2} (You
                  | found it on level 1 of the Spider Nest)
 24122 | Spider:1 | Reached XP level 16. HP: 136/138 MP: 24/24
 24723 | Spider:2 | Reached skill level 17 in Shields
 26729 | Spider:4 | Entered Level 4 of the Spider Nest
 26764 | Spider:4 | Reached skill level 1 in Slings
 28203 | Spider:4 | Reached XP level 17. HP: 146/146 MP: 0/26
 28238 | Spider:4 | Reached skill level 18 in Shields
 28684 | Spider:4 | Got a gossamer rune of Zot
 28940 | Shoals:1 | Entered Level 1 of the Shoals
 29078 | Shoals:1 | Reached skill level 5 in Slings
 29108 | Shoals:1 | Reached skill level 1 in Evocations
 29892 | Shoals:2 | Noticed Polyphemus
 29947 | Shoals:2 | Killed Polyphemus
 30303 | Shoals:2 | Found Piegaip's Distillery.
 30461 | Shoals:2 | Bought 2 potions of curing for 90 gold pieces
 30584 | Shoals:2 | Identified the +2 animal skin of Chimes {rElec MR+ Int-5
                  | SInv} (You found it on level 2 of the Shoals)
 31807 | Shoals:3 | Noticed a kraken
 31840 | Shoals:3 | Killed a kraken
 32408 | Shoals:4 | Entered Level 4 of the Shoals
 32747 | Shoals:4 | Found the +8 mithril axe "Arga" {speed, MR+}
 32843 | Shoals:4 | Reached skill level 5 in Evocations
 32971 | Shoals:4 | Reached XP level 18. HP: 158/158 MP: 27/27
 35053 | Shoals:4 | Got a barnacled rune of Zot
 35412 | Orc:1    | Entered Level 1 of the Orcish Mines
 35579 | Shoals:2 | Bought a potion of might for 60 gold pieces
 36395 | Orc:2    | Entered Level 2 of the Orcish Mines
 36416 | Orc:2    | Reached skill level 15 in Invocations
 36577 | Orc:2    | Found a runed translucent door.
 36614 | Orc:2    | Found a staircase to the Elven Halls.
 36688 | Orc:2    | Noticed Donald
 37094 | Orc:2    | Killed Donald
 37974 | Orc:2    | Found Yrghoghusi's Armour Shop.
 37977 | Orc:2    | Found Efucaen's Antique Armour Boutique.
 37978 | Orc:2    | Found Okkaoc's Antique Armour Shop.
 37979 | Orc:2    | Found Nudy's Food Shop.
 37985 | Orc:2    | Bought a twisted shield for 285 gold pieces
 37996 | Orc:2    | Identified the cursed +0 shield of Ru's Righteous Anger
                  | {*Corrode rElec Regen+ Str+5} (You bought it in a shop on
                  | level 2 of the Orcish Mines)
 37998 | Orc:2    | Bought a crude plate armour for 672 gold pieces
 37998 | Orc:2    | Bought an embroidered scarf for 192 gold pieces
 38012 | Orc:2    | Identified the +4 plate armour "Paiqymys" {rC- Str+3 Int+4
                  | Dex+2} (You bought it in a shop on level 2 of the Orcish
                  | Mines)
 38317 | Orc:2    | Found a roughly hewn altar of Beogh.
 38383 | Elf:1    | Entered Level 1 of the Elven Halls
 38400 | Elf:1    | Reached skill level 10 in Slings
 38509 | Elf:1    | Noticed Nikola
 38520 | Elf:1    | Killed Nikola
 38649 | Elf:1    | Found Bevol's General Store.
 38652 | Elf:1    | Bought 2 potions of might for 128 gold pieces
 39000 | Elf:1    | Identified the Papyrus of Attacks
 39405 | Elf:2    | Reached XP level 19. HP: 165/165 MP: 29/29
 39635 | Elf:2    | Identified the cursed ring of Jucriezu {-Tele rPois Str+6
                  | Int-5 Dex-2} (You found it on level 2 of the Elven Halls)
 39968 | Elf:2    | Found Fiom's General Store.
 39971 | Elf:2    | Bought a scroll of enchant weapon for 90 gold pieces
 40122 | Elf:2    | Found a huge runed translucent gate.
 40122 | Elf:2    | Found a huge runed translucent gate.
 40122 | Elf:2    | Found a huge runed translucent gate.
 40123 | Elf:2    | Found a huge runed translucent gate.
 40125 | Elf:2    | Found a huge runed translucent gate.
 40994 | Elf:3    | Entered Level 3 of the Elven Halls
 41358 | Elf:3    | Found Oxullyph's Distillery.
 41361 | Elf:3    | Found Geozxan's Book Boutique.
 41361 | Elf:3    | Found Bomieb's Magic Scroll Shop.
 41366 | Elf:3    | Found Bosto's Antique Armour Boutique.
 41376 | Elf:3    | Bought a pair of warped boots for 237 gold pieces
 41378 | Elf:3    | Identified the cursed +0 pair of boots "Diraywal" {rPois
                  | SInv} (You bought it in a shop on level 3 of the Elven
                  | Halls)
 41455 | Elf:3    | Bought a scroll of fog for 26 gold pieces
 42135 | Elf:3    | Identified the ring "Qeucy Tem" {rPois rF+}
 42617 | Elf:3    | Identified the +9 glaive "Cene" {drain, *Corrode rF- Int+9
                  | Stlth+}
 42617 | Elf:3    | Identified the cursed +0 leather armour of the Trombone
                  | {-Tele rElec rN+++ Int+2}
 42619 | Elf:3    | Cast into level 2 of the Abyss (a deep elf sorcerer)
 42933 | Abyss:3  | Found a corrupted altar of Lugonu.
 43088 | Abyss:4  | Noticed a profane servitor
 43099 | Abyss:4  | Killed a profane servitor
 43354 | Abyss:4  | Reached XP level 20. HP: 165/175 MP: 31/31
 43500 | Abyss:4  | Paralysed by a great orb of eyes for 5 turns
 43652 | Abyss:4  | Reached skill level 10 in Evocations
 43905 | Abyss:4  | Noticed a bone dragon
 43962 | Abyss:4  | Noticed a profane servitor
 43975 | Abyss:4  | Killed a profane servitor
 44221 | Abyss:4  | Found a corrupted altar of Lugonu.
 44555 | Abyss:4  | Found a corrupted altar of Lugonu.
 44727 | Abyss:4  | Reached XP level 21. HP: 136/185 MP: 32/32
 45394 | Abyss:4  | Identified the +1 robe of a treasure trove {rC++ rCorr
                  | Int-2} (You found it on level 4 of the Abyss)
 45628 | Abyss:5  | Entered Level 5 of the Abyss
 45744 | Elf:3    | Escaped the Abyss
 45962 | Elf:3    | Cast into level 3 of the Abyss (a deep elf sorcerer)
 46153 | Abyss:3  | Got an abyssal rune of Zot
 46176 | Elf:3    | Escaped the Abyss
 46288 | Elf:3    | Identified the +8 broad axe "Ikipluw" {pain, Dex+3}
 46613 | Elf:3    | HP: 9/188 [deep elf death mage/bolt of negative energy
                  | (51)]
 47198 | Elf:3    | Identified Bosk's Collected Works on Icy Weightlessness
 47550 | Vaults:1 | Entered Level 1 of the Vaults
 47927 | Vaults:1 | Found a white marble altar of Elyvilon.
 48099 | Vaults:1 | Reached XP level 22. HP: 190/195 MP: 34/34
 48338 | Vaults:1 | Found Fiureawn's Book Shoppe.
 48814 | Vaults:2 | Found Amanil's Magic Scroll Shop.
 48817 | Vaults:2 | Bought a scroll of torment for 97 gold pieces
 48817 | Vaults:2 | Bought a scroll of acquirement for 676 gold pieces
 48817 | Vaults:2 | Bought a scroll of identify for 26 gold pieces
 48817 | Vaults:2 | Bought a scroll of enchant armour for 97 gold pieces
 48817 | Vaults:2 | Bought 2 scrolls of magic mapping for 91 gold pieces
 48817 | Vaults:2 | Bought a scroll of torment for 97 gold pieces
 48817 | Vaults:2 | Bought a scroll of identify for 26 gold pieces
 48907 | Vaults:2 | Found Pac Ohats's Gadget Emporium.
 48979 | Vaults:2 | Found a staircase to the Crypt.
 49117 | Vaults:2 | Reached skill level 19 in Shields
 49398 | Vaults:2 | Found Ludink's General Store.
 49705 | Vaults:2 | Found Tububeibu's Book Shoppe.
 50080 | Vaults:2 | Found Laywuw's Food Emporium.
 50754 | Vaults:3 | Reached skill level 20 in Shields
 51663 | Vaults:4 | Noticed Margery
 51810 | Vaults:4 | Killed Margery
 52055 | Vaults:4 | Noticed Jory
 52068 | Vaults:4 | Killed Jory
 52321 | Vaults:4 | Reached XP level 23. HP: 202/202 MP: 35/35
 52360 | Vaults:4 | Reached skill level 15 in Armour
 53440 | Depths:1 | Entered Level 1 of the Depths
 53559 | Depths:1 | Reached skill level 21 in Shields
 53659 | Depths:1 | Found a gateway to Hell.
 54155 | Depths:1 | Identified the Almanac of the Spatial Blaze
 54555 | Depths:2 | Found a corrupted altar of Lugonu.
 54555 | Depths:2 | Found a one-way gate to the infinite horrors of the Abyss.
 54736 | Depths:2 | Noticed a juggernaut
 54745 | Depths:2 | Killed a juggernaut
 54769 | Depths:2 | Reached skill level 22 in Shields
 55078 | Depths:2 | Noticed Sojobo
 55118 | Depths:2 | Killed Sojobo
 55810 | Depths:2 | Found a one-way gate leading to the halls of Pandemonium.
 55896 | Depths:3 | Reached XP level 24. HP: 140/210 MP: 35/35
 56288 | Depths:3 | Lost intelligence.
 56295 | Depths:3 | Cast into level 2 of the Abyss (hell knight)
 56546 | Abyss:2  | Reached skill level 23 in Shields
 56595 | Abyss:2  | Found a corrupted altar of Lugonu.
 56599 | Depths:3 | Escaped the Abyss
 57445 | Depths:3 | Found a gateway to a ziggurat.
 57524 | Depths:3 | Identified the ring of Muvioz {+Fly rElec MR+ Str-2 Dex+4}
                  | (You found it on level 3 of the Depths)
 58572 | Depths:4 | Reached skill level 24 in Shields
 58660 | Depths:4 | Found a runed translucent door.
 58665 | Depths:4 | Noticed EtherCrawl's ghost (veteran MiFi)
 58678 | Depths:4 | Noticed Boris
 58686 | Depths:4 | Killed Boris
 58859 | Depths:4 | Killed EtherCrawl's ghost
 58866 | Depths:4 | Identified the +5 rapier "Leakepan" {elec, rF+ Dex+6} (You
                  | found it on level 4 of the Depths)
 58941 | Depths:4 | Reached XP level 25. HP: 216/216 MP: 35/35
 59143 | Depths:4 | Identified the +6 war axe of Armageddon {chaos, -Tele
                  | Str+5} (You found it on level 4 of the Depths)
 59602 | Depths:5 | Entered Level 5 of the Depths
 59620 | Depths:5 | Paralysed by a floating eye for 3 turns
 59627 | Depths:5 | Noticed Boris
 59639 | Depths:5 | Killed Boris
 59740 | Depths:5 | Identified the ring "Yshiucy" {MR+ Dex+2} (You found it on
                  | level 5 of the Depths)
 59756 | Depths:5 | Found a gate to the Realm of Zot.
 59816 | Depths:5 | Identified the +2 great mace of the Rat {crush, rN+ Str+7
                  | Int+3} (You found it on level 5 of the Depths)
 59862 | Depths:5 | Found a snail-covered altar of Cheibriados.
 59984 | Depths:5 | Found a sacrificial altar of Ru.
 60020 | Depths:5 | Reached skill level 25 in Shields
 60243 | Depths:5 | Found a white marble altar of Elyvilon.
 60392 | Depths:5 | Identified the ring "Ynuvitwu" {rElec rPois MR+ Str+3
                  | Int+3}
 60518 | Depths:5 | Identified the ring of the Hart {+Inv rElec rN+ Str-3
                  | Int+6} (You found it on level 5 of the Depths)
 61103 | Slime:1  | Entered Level 1 of the Pits of Slime
 61149 | Slime:1  | You fall through a shaft!
 61162 | Slime:2  | Gained mutation: Your magical capacity is low. (-10% MP) [a
                  | shining eye]
 61732 | Slime:2  | Found a viscous altar of Jiyva.
 61908 | Lair:5   | Fell from the grace of Hepliaklqana
 61908 | Lair:5   | Became a worshipper of Jiyva Jyuqorr the Shapeless
 62570 | Elf:1    | Reached * piety under Jiyva
 62667 | Elf:1    | Reached ** piety under Jiyva
 63326 | Elf:1    | Reached *** piety under Jiyva
 63517 | Elf:2    | Lost mutation: You possess an exceptional clarity of mind.
                  | [Jiyva's grace]
 63568 | Elf:2    | Reached **** piety under Jiyva
 63728 | Elf:2    | Gained mutation: Your spells are a little harder to cast,
                  | but a little more powerful. [Jiyva's grace]
 63830 | Elf:2    | Gained mutation: You are agile. (Dex +2) [Jiyva's grace]
 63830 | Elf:2    | Reached ***** piety under Jiyva
 63980 | Elf:3    | Gained mutation: Your flesh is heat resistant. (rF+)
                  | [Jiyva's grace]
 63987 | Elf:3    | Gained mutation: You are partially covered in slimy green
                  | scales. (AC +2) [Jiyva's grace]
 64000 | Elf:3    | Reached ****** piety under Jiyva
 64017 | Elf:3    | Gained mutation: You are covered in slimy tendrils that may
                  | disarm your opponents. [Jiyva's grace]
 64046 | Elf:3    | Lost mutation: You are somewhat resistant to further
                  | mutation. [Jiyva's grace]
 64095 | Elf:3    | Gained mutation: You are dopey. (Int -2) [Jiyva's grace]
 64101 | Elf:3    | Gained mutation: You are partially covered in molten
                  | scales. (AC +2) [Jiyva's grace]
 64105 | Elf:2    | Lost mutation: Your magical capacity is low. (-10% MP)
                  | [potion of mutation]
 64105 | Elf:2    | Lost mutation: You are covered in slimy tendrils that may
                  | disarm your opponents. [potion of mutation]
 64105 | Elf:2    | Lost mutation: Your flesh is heat resistant. (rF+) [potion
                  | of mutation]
 64105 | Elf:2    | Gained mutation: You have sharp toenails. [potion of
                  | mutation]
 64105 | Elf:2    | Lost mutation: You have a pair of large horns on your head.
                  | [potion of mutation]
 64105 | Elf:2    | Gained mutation: You have an increased reservoir of magic.
                  | (+10% MP) [potion of mutation]
 64106 | Elf:2    | Lost mutation: You are agile. (Dex +2) [potion of mutation]
 64106 | Elf:2    | Lost mutation: You have sharp toenails. [potion of
                  | mutation]
 64106 | Elf:2    | Lost mutation: You are dopey. (Int -2) [potion of mutation]
 64106 | Elf:2    | Gained mutation: You are dopey. (Int -2) [potion of
                  | mutation]
 64106 | Elf:2    | Gained mutation: Your muscles are strong. (Str +2) [potion
                  | of mutation]
 64107 | Elf:2    | Lost mutation: You have an increased reservoir of magic.
                  | (+10% MP) [potion of mutation]
 64107 | Elf:2    | Lost mutation: Your spells are a little harder to cast, but
                  | a little more powerful. [potion of mutation]
 64107 | Elf:2    | Lost mutation: Your muscles are strong. (Str +2) [potion of
                  | mutation]
 64107 | Elf:2    | Gained mutation: Scrolls take you a little longer to read.
                  | [potion of mutation]
 64107 | Elf:2    | Gained mutation: Your muscles are strong. (Str +2) [potion
                  | of mutation]
 64108 | Elf:2    | Lost mutation: You are partially covered in iridescent
                  | scales. (AC +2) [potion of mutation]
 64108 | Elf:2    | Lost mutation: Scrolls take you a little longer to read.
                  | [potion of mutation]
 64108 | Elf:2    | Lost mutation: Your muscles are strong. (Str +2) [potion of
                  | mutation]
 64108 | Elf:2    | Lost mutation: You are partially covered in molten scales.
                  | (AC +2) [potion of mutation]
 64108 | Elf:2    | Gained mutation: You are partially covered in rugged brown
                  | scales. (AC +1, +3% HP) [potion of mutation]
 64108 | Elf:2    | Gained mutation: You possess an exceptional clarity of
                  | mind. [potion of mutation]
 64109 | Elf:2    | Lost mutation: You are dopey. (Int -2) [potion of mutation]
 64109 | Elf:2    | Lost mutation: You are partially covered in rugged brown
                  | scales. (AC +1, +3% HP) [potion of mutation]
 64109 | Elf:2    | Lost mutation: You possess an exceptional clarity of mind.
                  | [potion of mutation]
 64109 | Elf:2    | Gained mutation: Your mind is acute. (Int +2) [potion of
                  | mutation]
 64110 | Elf:2    | Lost mutation: Your mind is acute. (Int +2) [potion of
                  | mutation]
 64110 | Elf:2    | Lost mutation: You are partially covered in slimy green
                  | scales. (AC +2) [potion of mutation]
 64110 | Elf:2    | Gained mutation: Your flesh is heat resistant. (rF+)
                  | [potion of mutation]
 64110 | Elf:2    | Gained mutation: You are dopey. (Int -2) [potion of
                  | mutation]
 64110 | Elf:2    | Gained mutation: You have large cloven feet. [potion of
                  | mutation]
 64141 | Elf:2    | Lost mutation: You have large cloven feet. [Jiyva's grace]
 64765 | Slime:3  | You fall through a shaft!
 65119 | Slime:5  | Entered Level 5 of the Pits of Slime
 65124 | Slime:5  | Gained mutation: Your flesh is very heat resistant. (rF++)
                  | [Jiyva's grace]
 65127 | Slime:5  | Lost mutation: You are dopey. (Int -2) [Jiyva's grace]
 65132 | Slime:5  | Gained mutation: Your translucent skin slightly reduces
                  | your foes' accuracy. (Stealth) [Jiyva's grace]
 65139 | Slime:5  | Gained mutation: Armour fits poorly on your strangely
                  | shaped body. [Jiyva's grace]
 65143 | Slime:5  | Found a viscous altar of Jiyva.
 65145 | Slime:5  | Noticed the Royal Jelly
 65159 | Slime:5  | Identified the +8 long sword of Imminent Death {drain, +Fly
                  | rN+ Str-5 SInv} (You found it on level 5 of the Pits of
                  | Slime)
 65167 | Slime:5  | Identified the Handbook of Changing and Ignition
 65170 | Slime:5  | Got a slimy rune of Zot
 65686 | Slime:3  | Found a viscous altar of Jiyva.
 66452 | Orc:2    | Bought a garnet-encrusted leather armour for 210 gold
                  | pieces
 66452 | Orc:2    | Bought a faintly glowing scale mail for 270 gold pieces
 66452 | Orc:2    | Bought a silken robe for 171 gold pieces
 66452 | Orc:2    | Identified the +4 scale mail "Nanill" {rC- rCorr Dex+8}
                  | (You bought it in a shop on level 2 of the Orcish Mines)
 66453 | Orc:2    | Identified the cursed +0 robe of Agoraphobia {MR+ SInv
                  | Stlth+} (You bought it in a shop on level 2 of the Orcish
                  | Mines)
 66454 | Orc:2    | Identified the +1 leather armour "Enalulor" {Int+5} (You
                  | bought it in a shop on level 2 of the Orcish Mines)
 66696 | Vaults:3 | Lost mutation: Your translucent skin slightly reduces your
                  | foes' accuracy. (Stealth) [potion of mutation]
 66696 | Vaults:3 | Lost mutation: Armour fits poorly on your strangely shaped
                  | body. [potion of mutation]
 66696 | Vaults:3 | Lost mutation: Your flesh is very heat resistant. (rF++)
                  | [potion of mutation]
 66696 | Vaults:3 | Gained mutation: Your flesh is very heat resistant. (rF++)
                  | [potion of mutation]
 66696 | Vaults:3 | Gained mutation: You have sharp toenails. [potion of
                  | mutation]
 66696 | Vaults:3 | Gained mutation: You have supernaturally acute eyesight.
                  | (SInv) [potion of mutation]
 66721 | Vaults:3 | Gained mutation: You are resistant to hostile enchantments.
                  | (MR+) [Jiyva's grace]
 66728 | Vaults:3 | Gained mutation: You have a small jelly attached to you
                  | that senses nearby items. [Jiyva's grace]
 66766 | Vaults:2 | Gained mutation: You can translocate small distances at
                  | will. [Jiyva's grace]
 67251 | D:15     | Gained mutation: You expend magic power (3 MP) to
                  | strengthen your wands. [Jiyva's grace]
 67518 | Pan      | Entered Pandemonium
 67554 | Pan      | Gained mutation: Potions are less effective at restoring
                  | your health. [a neqoxec]
 67634 | Pan      | Noticed Vien the pandemonium lord
 67642 | Pan      | Killed Vien the pandemonium lord
 67668 | Pan      | Gained mutation: You have sharp fingernails. [Jiyva's
                  | grace]
 67843 | Pan      | Gained mutation: You have a pair of large horns on your
                  | head. [Jiyva's grace]
 68249 | Pan      | Gained mutation: You have acidic saliva. [Jiyva's grace]
 69373 | Pan      | Found an exit through the horrors of the Abyss.
 70047 | Pan      | Noticed Mipaeli the pandemonium lord
 70068 | Pan      | Gained mutation: You have a somewhat thin skeletal
                  | structure. (Dex +2, Stealth) [Jiyva's grace]
 70197 | Pan      | Paralysed by Mipaeli for 5 turns
 70205 | Pan      | Cast into level 3 of the Abyss (Mipaeli)
 70497 | Pan      | Escaped the Abyss
 70505 | Pan      | Killed Mipaeli the pandemonium lord
 70646 | Pan      | Gained mutation: You passively map a small area around you.
                  | [Jiyva's grace]
 70676 | Pan      | Noticed Naebrim the pandemonium lord
 70692 | Pan      | Killed Naebrim the pandemonium lord
 70884 | Pan      | Lost mutation: You have acidic saliva. [Jiyva's grace]
 71069 | Pan      | Lost mutation: You have supernaturally acute eyesight.
                  | (SInv) [a cacodemon]
 71374 | Pan      | Lost mutation: You expend magic power (3 MP) to strengthen
                  | your wands. [Jiyva's grace]
 71440 | Pan      | Lost mutation: Potions are less effective at restoring your
                  | health. [Jiyva's power]
 71717 | Pan      | Found an exit through the horrors of the Abyss.
 71923 | Pan      | Identified the amulet of Kygguy {Spirit Fragile Int+5} (You
                  | found it in Pandemonium)
 71951 | Pan      | Identified Qaept's Collected Works on Lucky Dislocation
 72061 | Pan      | Gained mutation: You are resistant to electric shocks.
                  | (rElec) [Jiyva's grace]
 72086 | Pan      | Lost mutation: You have a pair of large horns on your head.
                  | [Jiyva's grace]
 72101 | Pan      | Gained mutation: You are clumsy. (Dex -2) [a cacodemon]
 72326 | Vaults:1 | Lost mutation: You have sharp fingernails. [Jiyva's grace]
 72739 | Pan      | Took an exit into the Abyss.
 72739 | Abyss:1  | Escaped into the Abyss
 72747 | Depths:3 | Escaped the Abyss
 72829 | D:15     | Gained mutation: You are covered in slimy tendrils that may
                  | disarm your opponents. [Jiyva's grace]
 72830 | D:15     | Lost mutation: You are clumsy. (Dex -2) [Jiyva's power]
 73128 | Temple   | Upgraded the game from 0.23-b1-70-gd12f7cf to
                  | 0.23-b1-84-g6588a6b
 73369 | D:13     | Lost mutation: You have sharp toenails. [Jiyva's grace]
 73472 | Depths:3 | Gained mutation: Your body has grown golden eyes which may
                  | confuse attackers. (Acc +3) [Jiyva's grace]
 73520 | Depths:3 | Gained mutation: Your rubbery body absorbs attacks. (AC +1,
                  | EV +1) [Jiyva's grace]
 73522 | Pan      | Entered Pandemonium
 73908 | Pan      | Noticed Wieript the pandemonium lord
 73916 | Pan      | Lost mutation: You are resistant to hostile enchantments.
                  | (MR+) [Jiyva's grace]
 73923 | Pan      | Killed Wieript the pandemonium lord
 74122 | Pan      | Lost mutation: You are covered in slimy tendrils that may
                  | disarm your opponents. [Jiyva's grace]
 74420 | Pan      | Gained mutation: You passively map the area around you.
                  | [Jiyva's grace]
 74453 | Pan      | Noticed Peilaxutt the pandemonium lord
 74559 | Pan      | Killed Peilaxutt the pandemonium lord
 74711 | Pan      | Lost mutation: You can translocate small distances at will.
                  | [Jiyva's grace]
 74993 | Pan      | Gained mutation: You are frail. (-10% HP) [a neqoxec]
 75042 | Pan      | Found an exit through the horrors of the Abyss.
 75092 | Pan      | Was forgiven by Hepliaklqana
 75152 | Pan      | Noticed Vaulecw the pandemonium lord
 75171 | Pan      | Killed Vaulecw the pandemonium lord
 75191 | Pan      | Got a demonic rune of Zot
 75716 | Pan      | Entered the realm of Mnoleg.
 75795 | Pan      | Gained mutation: You are dopey. (Int -2) [a cacodemon]
 75804 | Pan      | Gained mutation: Your magical capacity is low. (-10% MP) [a
                  | neqoxec]
 75823 | Pan      | Gained mutation: You are weak. (Str -2) [a neqoxec]
 75824 | Pan      | Gained mutation: Your magical capacity is very low. (-20%
                  | MP) [a neqoxec]
 75840 | Pan      | Gained mutation: Scrolls take you a little longer to read.
                  | [a cacodemon]
 75841 | Pan      | Gained mutation: You are very dopey. (Int -4) [a cacodemon]
 75843 | Pan      | Reached XP level 26. HP: 188/224 MP: 28/28
 75919 | Pan      | Noticed Mnoleg
 75956 | Pan      | Killed Mnoleg
 76006 | Pan      | Gained mutation: You are occasionally teleported next to
                  | monsters. [a neqoxec]
 76025 | Pan      | Lost mutation: You are weak. (Str -2) [Jiyva's power]
 76026 | Pan      | Lost mutation: You are very dopey. (Int -4) [Jiyva's power]
 76027 | Pan      | Lost mutation: Your magical capacity is very low. (-20% MP)
                  | [Jiyva's power]
 76084 | Pan      | Found an exit through the horrors of the Abyss.
 76423 | Pan      | Got a glowing rune of Zot
 76659 | Pan      | Lost mutation: Your magical capacity is low. (-10% MP)
                  | [Jiyva's power]
 76681 | Pan      | Noticed Voiboic the pandemonium lord
 76763 | Pan      | Killed Voiboic the pandemonium lord
 76825 | Pan      | Gained mutation: Your movements are slightly less
                  | encumbered by armour. (ER -2) [Jiyva's grace]
 77034 | Pan      | Found an exit through the horrors of the Abyss.
 77471 | Pan      | Found a runed translucent door.
 77492 | Pan      | Entered the realm of Cerebov.
 77560 | Pan      | Noticed Mennas
 77583 | Pan      | Killed Mennas
 77646 | Pan      | Gained mutation: You have a small jelly attached to you
                  | that may absorb incoming projectiles. [Jiyva's grace]
 77689 | Pan      | Identified the +6 sword of Cerebov {flame}
 77689 | Pan      | Noticed Cerebov
 77854 | Pan      | Lost mutation: You are dopey. (Int -2) [Jiyva's power]
 77855 | Pan      | Lost mutation: You are frail. (-10% HP) [Jiyva's power]
 77915 | Shoals:4 | Lost mutation: Scrolls take you a little longer to read.
                  | [Jiyva's grace]
 78123 | Pan      | Killed from afar by Cerebov

Skill      XL: |  1  2  3  4  5  6  7  8  9 10 11 12 13 14 15 16 17 18 19 20 21 22 23 24 25 26 |
---------------+-------------------------------------------------------------------------------+-----
Shields        | 4 5 6 7 9 10 12 13 14 15 16 17 18 20 22 24 25 | 25.2
Armour         | 4 5 6 7 9 10 14 18 20 22 24 | 24.6
Fighting       | 4 5 6 7 9 10 12 13 14 15 16 18 19 20 21 22 | 22.8
Long Blades    | 3 4 5 6 7 9 10 11 13 14 15 16 17 19 20 22 | 22.6
Invocations    | 2 5 7 9 11 12 13 14 15 16 17 18 | 18.5
Slings         | 4 7 10 12 13 | 13.5
Evocations     | 5 7 9 10 | 10.9

Action                   |  1- 3 |  4- 6 |  7- 9 | 10-12 | 13-15 | 16-18 | 19-21 | 22-24 | 25-27 || total
-------------------------+-------+-------+-------+-------+-------+-------+-------+-------+-------++-------
Melee: Long sword        |    58 |   101 |   167 |       |       |       |       |       |       ||   326
       Headbutt          |     6 |    18 |    81 |   206 |   340 |   394 |   413 |   509 |   675 ||  2642
       Falchion          |       |       |   220 |   373 |       |       |       |       |       ||   593
       Scimitar          |       |       |       |   438 |   119 |       |       |       |       ||   557
       Eudemon blade     |       |       |       |       |   923 |  1427 |  1340 |  1457 |  2145 ||  7292
       Bite              |       |       |       |       |       |       |       |       |    56 ||    56
 Fire: Hunting sling     |       |       |       |     8 |    28 |   170 |    37 |       |     6 ||   249
Throw: Stone             |       |       |     1 |     1 |       |       |       |       |       ||     2
       Javelin           |       |       |       |     1 |     2 |     8 |     7 |     9 |    16 ||    43
Invok: Ancestor Identity |       |       |     1 |       |       |       |       |       |       ||     1
       Ancestor Life: He |       |       |     1 |       |       |       |       |       |       ||     1
       Recall Ancestor   |       |       |       |     2 |     2 |     1 |     5 |     2 |     2 ||    14
       Transference      |       |       |       |     1 |       |     8 |     4 |     3 |       ||    16
       Idealise          |       |       |       |     1 |     1 |     5 |     2 |     4 |       ||    13
       Request Jelly     |       |       |       |       |       |       |       |       |    11 ||    11
       Cure Bad Mutation |       |       |       |       |       |       |       |       |     9 ||     9
 Abil: Evoke Flight      |       |       |       |       |       |     5 |       |       |       ||     5
       Evoke Blink       |       |       |       |       |       |     2 |       |       |       ||     2
Evoke: Phial of floods   |       |       |       |       |     1 |     1 |     1 |       |     1 ||     4
       Wand              |       |       |       |       |     1 |     6 |     3 |     1 |     9 ||    20
       Sack of spiders   |       |       |       |       |       |     1 |       |       |       ||     1
       Lightning rod     |       |       |       |       |       |       |     9 |     4 |       ||    13
       Lamp of fire      |       |       |       |       |       |       |     2 |     3 |     1 ||     6
       Phantom mirror    |       |       |       |       |       |       |     1 |       |       ||     1
  Use: Scroll            |       |     5 |     4 |    17 |    12 |    11 |    25 |     7 |    19 ||   100
       Potion            |       |       |       |     9 |    16 |     7 |    14 |       |    22 ||    68
 Stab: Confused          |       |       |     2 |     5 |     3 |     8 |    20 |    49 |    20 ||   107
       Distracted        |       |       |       |     6 |     4 |     8 |     5 |     9 |     3 ||    35
       Paralysed         |       |       |       |       |    10 |    46 |     6 |    38 |    14 ||   114
       Petrified         |       |       |       |       |       |    15 |       |       |       ||    15
       Petrifying        |       |       |       |       |       |     1 |       |       |       ||     1
       Invisible         |       |       |       |       |       |     2 |       |       |       ||     2
  Eat: Chunk             |       |     3 |    11 |    11 |    14 |    10 |     3 |     7 |     2 ||    61
       Ration            |       |       |     1 |     5 |     6 |    12 |     9 |     8 |     2 ||    43
Armor: Scale mail        |    24 |       |       |       |       |       |       |       |       ||    24
       Chain mail        |     4 |    66 |   184 |   330 |    16 |       |       |       |       ||   600
       Ice dragon scales |       |       |       |       |   401 |   670 |   466 |   394 |   674 ||  2605
       Skin              |       |       |       |       |       |       |     1 |       |       ||     1
       Plate armour      |       |       |       |       |       |       |       |       |   102 ||   102
Dodge: Dodged            |    22 |    17 |    85 |   198 |   206 |   358 |   264 |   233 |   394 ||  1777
Block: Shield            |    46 |    55 |   215 |   510 |   766 |  1468 |   883 |  1058 |  1636 ||  6637
       Reflection        |       |       |       |       |    19 |    53 |    57 |    73 |    11 ||   213
       Rpst.: Long sword |     3 |     5 |    10 |       |       |       |       |       |       ||    18
       Falchion          |       |       |     9 |    21 |       |       |       |       |       ||    30
       Scimitar          |       |       |       |    18 |     2 |       |       |       |       ||    20
       Eudemon blade     |       |       |       |       |    39 |    64 |    43 |    39 |    76 ||   261
